AoeStats
← Kracih

Black Forest

507569890Analyzed
4v4 RM · 12d ago on Sep 18, 2026· 47m 42s· 8 players
Game mode
Random Map
Map size
Large (8 player)
Population
200
Speed
Normal
Resources
Standard
Victory
Conquest
Starting age
Dark Age
Ending age
Imperial Age
RankedLock teamsTeams togetherTeam positionsShared explorationLock speedFull tech treeHidden civsTurbo modeCheats
Victory
Defeat
🇺🇸 Lithuanians · United States
1112
+13
🇨🇦 Britons · Canada
1099
+13
🇮🇳 Hindustanis · India
984
+18
🇫🇷 Bohemians · France
970
+19
🇬🇧 Koreans · United Kingdom
1048
-16
🇩🇪 Persians · Germany
1042
-16
🇷🇺 Slavs · Russia
1038
-16
🇺🇿 Britons · Uzbekistan
1026
-15
T.Mücke_63
10:57 Feudal Age
12:34 Horse Collar
15:00 Castle Age
12:59 Double-Bit Axe
15:39 Loom
16:32 Wheelbarrow
17:16 Bow Saw
19:00 Heavy Plow
22:08 Gold Mining
24:33 Gold Shaft Mining
25:11 Stone Mining
25:44 Hand Cart
26:47 Caravan
28:14 Stone Shaft Mining
30:22 Imperial Age
28:37 Bloodlines
28:28 Husbandry
28:34 Scale Barding Armor
28:40 Forging
28:46 Masonry
30:01 Stone Shaft Mining
30:44 Chain Barding Armor
30:59 Iron Casting
30:09 Cavalier
32:06 Chemistry
31:28 Ballistics
32:17 Plate Barding Armor
34:07 Blast Furnace
34:24 Two-Man Saw
34:17 Savar
35:44 Architecture
35:56 Heavy Camel Rider
38:27 Conscription
38:21 Citadels
39:15 Light Cavalry
39:44 Town Watch
40:31 Crop Rotation
41:18 Hussar
Doofy69
4:47 Loom
10:02 Feudal Age
10:30 Double-Bit Axe
10:26 Horse Collar
23:50 Castle Age
22:30 Fletching
23:55 Crossbowman
24:31 Bodkin Arrow
30:00 Gold Mining
30:01 Stone Mining
35:46 Wheelbarrow
39:45 Imperial Age
39:51 Thumb Ring
40:31 Scale Mail Armor
40:41 Forging
39:53 Elite Fire Lancer
42:59 Hand Cart
42:34 Pikeman
43:15 Squires
Kracih
6:06 Loom
14:33 Feudal Age
15:08 Double-Bit Axe
18:25 Castle Age
19:22 Horse Collar
19:57 Bow Saw
21:31 Heavy Plow
26:08 Wheelbarrow
26:55 Bloodlines
26:46 Husbandry
27:46 Light Cavalry
28:49 Scale Barding Armor
33:49 Imperial Age
32:46 Forging
32:57 Chain Barding Armor
34:20 Hussar
35:49 Detinets
39:53 Conscription
40:15 Hand Cart
41:02 Plate Barding Armor
41:03 Iron Casting
40:19 Fletching
KUBEPTYPMA
12:20 Feudal Age
16:46 Castle Age
14:35 Double-Bit Axe
16:09 Horse Collar
17:11 Wheelbarrow
17:17 Town Watch
18:02 Loom
25:53 Heavy Plow
26:37 Fortified Wall
27:12 Gold Mining
29:30 Fletching
29:42 Padded Archer Armor
30:03 Ballistics
30:06 Masonry
30:45 Hand Cart
34:11 Imperial Age
32:46 Gold Shaft Mining
32:32 Bodkin Arrow
32:57 Leather Archer Armor
34:03 Yeomen
35:08 Bow Saw
35:21 Conscription
35:05 Bracer
35:45 Ring Archer Armor
36:24 Chemistry
36:28 Elite Longbowman
38:42 Two-Man Saw
39:05 Forging
38:56 Scale Mail Armor
39:03 Pikeman
39:44 Squires
40:22 Iron Casting
39:58 Caravan
40:09 Halberdier
43:01 Blast Furnace
42:17 Chain Mail Armor
Lumi.S
0:37 Loom
11:17 Feudal Age
13:50 Double-Bit Axe
21:43 Fletching
25:15 Castle Age
24:08 Horse Collar
27:56 Bodkin Arrow
27:44 Elite Skirmisher
30:06 Bow Saw
41:40 Wheelbarrow
42:34 Crossbowman
43:35 Padded Archer Armor
46:06 Ballistics
46:41 Leather Archer Armor
49:00 Imperial Age
Donald Trump
1:07 Loom
13:29 Feudal Age
13:35 Feudal Age
18:14 Castle Age
17:30 Horse Collar
17:43 Double-Bit Axe
20:21 Wheelbarrow
21:34 Heavy Plow
26:21 Bow Saw
33:37 Imperial Age
33:45 Chemistry
34:45 Siege Engineers
34:56 Fortified Wall
36:19 Houfnice
38:16 Pikeman
39:57 Caravan
40:19 Halberdier
41:11 Scale Barding Armor
41:18 Forging
41:08 Scale Mail Armor
47:08 Town Watch
Octosaurus
11:06 Feudal Age
12:30 Loom
15:36 Castle Age
14:34 Double-Bit Axe
14:32 Horse Collar
16:58 Bow Saw
21:44 Wheelbarrow
24:21 Fishing Lines
28:17 Imperial Age
26:03 Hand Cart
27:22 Scale Barding Armor
27:28 Forging
27:34 Masonry
27:45 Gold Mining
27:45 Stone Mining
28:43 Bloodlines
28:35 Husbandry
28:57 Chain Barding Armor
29:41 Iron Casting
28:30 Cavalier
28:31 Light Cavalry
29:50 Conscription
30:09 Paladin
30:36 Capped Ram
32:06 Stone Shaft Mining
31:26 Winged Hussar
33:58 Plate Barding Armor
34:01 Hoardings
35:34 Tower Shields
36:43 Elite Leitis
37:35 Caravan
37:45 Guilds
38:06 Coinage
40:32 Banking
Arham
1:26 Loom
12:28 Feudal Age
13:26 Horse Collar
19:02 Castle Age
20:45 Double-Bit Axe
21:11 Heavy Plow
23:56 Gold Mining
24:23 Bow Saw
25:54 Stone Mining
28:19 Stone Shaft Mining
28:30 Forging
30:24 Gold Shaft Mining
30:18 Bloodlines
35:04 Imperial Age
33:10 Wheelbarrow
32:40 Husbandry
33:29 Iron Casting
32:59 Scale Barding Armor
36:57 Blast Furnace
35:20 Heavy Camel Rider
36:23 Chain Barding Armor
37:11 Chemistry
38:44 Conscription
37:54 Imperial Camel Rider
39:45 Plate Barding Armor
39:31 Hand Cart
41:39 Siege Engineers
45:25 Caravan
46:41 Fortified Wall
Connection lost

Rejoining the realm…

Still unreachable

The connection could not be restored.

Session expired

The server has moved on; the page needs a fresh start.